 Dungeon Crawl Stone Soup version 0.27.0-1-g7a089689b8 (webtiles) character file.

Game seed: 15614002633024751417

7205 rogsnak the Destroyer (level 10, -1/68 HPs)
             Began as a Demonspawn Fire Elementalist on July 31, 2021.
             Was a Believer of Vehumet.
             Shot with an arrow by a centaur warrior (5 damage)
             ... on level 9 of the Dungeon on Aug 1, 2021.
             The game lasted 00:32:52 (11453 turns).

rogsnak the Destroyer (DsFE)                       Turns: 11453, Time: 00:32:52

Health: -1/68      AC:  5    Str:  8    XL:     10   Next: 87%
Magic:  1/22       EV: 13    Int: 20    God:    Vehumet [**....]
Gold:   307        SH:  5    Dex: 14    Spells: 7/25 levels left

rFire    + + .     SeeInvis .   C - +1 short sword (elec)
rCold    . . .     Faith    .   (no shield)
rNeg     . . .     Spirit   .   S - +1 robe {Will+}
rPois    +         Reflect  +   T - +0 hat
rElec    .         Harm     .   H - scarf {rC+ rF+}
rCorr    .         Rampage  .   u - +0 pair of gloves
Will     +....                  (no boots)
Stlth    ++........             s - amulet of reflection
HPRegen  0.21/turn              w - ring of fire
MPRegen  0.18/turn              v - ring of poison resistance

@: no status effects
A: antennae 2, powered by death 2, sharp scales 1
a: Renounce Religion


You were on level 9 of the Dungeon.
You worshipped Vehumet.
Vehumet was pleased with you.
You visited 2 branches of the dungeon, and saw 10 of its levels.

You collected 505 gold pieces.
You spent 198 gold pieces at shops.

Inventory:

Hand Weapons
 b - a +0 dagger of venom
 e - a +0 long sword
 t - a +0 vorpal war axe
 z - a +3 vorpal spear
 C - a +1 short sword of electrocution (weapon)
 K - the +11 plutonium sword {Contam Stlth-}
   (You found it on level 7 of the Dungeon)

   It occasionally inflicts wild transmutation effects on those it strikes,
   inflicting malmutation or extra damage, or polymorphing them into a new form.
   Contam:    It causes magical contamination when unequipped.
   Stlth:     It makes you less stealthy.
 P - a +5 falchion
 Q - a +2 great sword of freezing
Missiles
 c - 288 stones
 g - 8 javelins
 j - 212 arrows
 x - 8 boomerangs
 E - 17 poisoned darts
 W - 5 boomerangs of dispersal
Armour
 a - a +0 robe
 u - a +0 pair of gloves (worn)
 F - a +1 cloak of willpower
 H - a scarf of resistance (worn)
 N - a +1 kite shield of positive energy
 S - a +1 robe of willpower (worn)
 T - a +0 hat (worn)
Magical Staves
 q - a staff of air
Jewellery
 p - a ring of see invisible
 s - an amulet of reflection (around neck)
 v - a ring of poison resistance (right hand)
 w - a ring of fire (left hand)
Wands
 r - a wand of paralysis (16)
 y - a wand of charming (7)
 A - a wand of flame (22)
 O - a wand of mindburst (12)
Scrolls
 d - 5 scrolls of blinking {unknown}
 f - 3 scrolls of holy word {unknown}
 k - 2 scrolls of identify {unknown}
 l - 3 scrolls of enchant armour {unknown}
 m - 2 scrolls of amnesia {unknown}
 I - a scroll of teleportation {unknown}
 M - a scroll of enchant weapon {unknown}
 U - a scroll of brand weapon {unknown}
Potions
 h - 5 potions of heal wounds {unknown}
 i - 3 potions of attraction {unknown}
 n - 2 potions of flight {unknown}
 o - 3 potions of curing {unknown}
 B - a potion of berserk rage {unknown}
 D - a potion of magic {unknown}
 G - a potion of resistance {unknown}
 J - 2 potions of haste {unknown}
 L - a potion of degeneration {unknown}
 R - a potion of might {unknown}
 V - a potion of brilliance {unknown}


   Skills:
 + Level 2.3 Fighting
 + Level 3.3 Dodging
 - Level 2.0 Stealth
 + Level 1.4 Shields
 + Level 8.1 Spellcasting
 * Level 10.4 Conjurations
 + Level 6.8 Fire Magic
 * Level 4.9 Earth Magic


You had 7 spell levels left.
You knew the following spells:

 Your Spells              Type           Power      Damage    Failure   Level
a - Foxfire               Conj/Fire      100%       2x1d9     1%          1
b - Sticky Flame          Conj/Fire      59%        2d7       2%          4
c - Fireball              Conj/Fire      29%        3d13      7%          5
d - Lee's Rapid Deconstr  Erth           13%        3d10*     30%         5
e - Swiftness             Air            8%         N/A       26%         3

Your spell library contained the following spells:

 Spells                   Type           Power      Damage    Failure   Level
 Dazzling Flash           Conj/Hex       58%        N/A       3%          3
 Shock                    Conj/Air       100%       1d9       1%          1
 Conjure Flame            Conj/Fire      59%        6-21      1%          3
 Inner Flame              Hex/Fire       32%        N/A       6%          3
 Animate Skeleton         Necr           16%        N/A       9%          1
 Beastly Appendage        Tmut           16%        N/A       9%          1
 Summon Small Mammal      Summ           32%        N/A       9%          1
 Fulminant Prism          Conj/Hex       14%        3d9       10%         4
 Iskenderun's Mystic Bla  Conj/Tloc      29%        2d7       10%         4
 Slow                     Hex            8%         N/A       13%         2
 Call Canine Familiar     Summ           8%         N/A       26%         3
 Confusing Touch          Hex            8%         N/A       26%         3
 Summon Guardian Golem    Hex/Summ       8%         N/A       26%         3
 Vampiric Draining        Necr           4%         2d6       26%         3
 Airstrike                Air            4%         N/A       63%         4


Dungeon Overview and Level Annotations

Branches:
Dungeon (9/15)             Temple (1/1) D:5
   Lair: D:8-11         Orc: D:9-12

Altars:
Ashenzari
Cheibriados
Dithmenos
Elyvilon
Fedhas
Gozag
Hepliaklqana
Kikubaaqudgha
Makhleb
Nemelex Xobeh
Okawaru
Qazlal
Ru
Sif Muna
Trog
Uskayaw
Vehumet
Wu Jian
Xom
Yredelemnul
The Shining One
Beogh

Shops:
D:6 [

Annotations:
D:4 Wall Cache
D:8 Harold


Innate Abilities, Weirdness & Mutations

You have a pair of antennae on your head.
You regenerate health from kills.
You are partially covered in razor-sharp scales. (AC +1, Slay +1)


Message History

The centaur warrior is heavily wounded.
The centaur warrior burns!
The centaur warrior hits you.
The centaur warrior kicks you but does no damage.
The centaur warrior hits you.
* * * LOW HITPOINT WARNING * * *
The centaur warrior barely misses you.
Okay, then.
You hit the centaur warrior but do no damage.
The centaur warrior is heavily wounded.
The centaur warrior burns!
The centaur warrior closely misses you. The centaur warrior kicks you.
* * * LOW HITPOINT WARNING * * *
Unknown command.
You hit the centaur warrior.
The centaur warrior is heavily wounded.
The centaur warrior burns!
The centaur warrior stops burning.
The centaur warrior hits you!
* * * LOW HITPOINT WARNING * * *
The centaur warrior barely misses you. You block the centaur warrior's attack.
The centaur warrior kicks you.
* * * LOW HITPOINT WARNING * * *
Casting: Sticky Flame (dangerous; 2% risk of failure)
Confirm with . or Enter, or press ? or * to list all spells.
Aiming: Sticky Flame (dangerous; 2% risk of failure)
Press: ? - help, Shift-Dir - straight line, f/p - centaur warrior
Aim: a centaur warrior, quivering arrows (severely wounded, 100% to hit)
You feel a surge of power!
The sticky flame hits the centaur warrior!
The centaur warrior is severely wounded.
The centaur warrior is covered in liquid flames!
The centaur warrior burns!
You block the centaur warrior's attack. The centaur warrior kicks you.
* * * LOW HITPOINT WARNING * * *
You block the centaur warrior's attack.
The centaur warrior kicks you but does no damage.
Unknown command.
The centaur warrior burns!
The centaur warrior wields a +0 longbow.
The centaur warrior shoots an arrow.
The arrow hits you.
You die...

..)....#...# ######....#...##
............................##
...##.......>................#
.###########.####............#
.# ... #............# .#
#####.##)[.........## ..
##(.....[.#...##...## #.
.......).###########
..c....#@# #.....# .......#.##
#.....# .......c.)####.....#
.#.....#...........#
.......##....#.....#
##.).........#.....#
#######.....#.....#
##....#.....# #....#.....#


You could see a centaur warrior (burning).

Vanquished Creatures
  A tengu warrior (D:7)
  A two-headed ogre (D:9)
  Pikel (D:8)
  A deep elf pyromancer (D:9)
  Psyche (D:8)
  A hornet (D:9)
  Grinder (D:6)
  2 steam dragons
  4 water moccasins
  An ice beast (D:7)
  4 orc warriors
  Duvessa (D:6)
  A black bear (D:7)
  3 ogres (D:6)
  A necrophage (D:5)
  3 centaurs
  A lemure (D:8)
  4 bullfrogs
  A gnoll sergeant (D:5)
  2 jellies
  Dowan (D:6)
  3 scorpions
  A water moccasin skeleton (D:5)
  14 killer bees
  4 wights (D:8)
  A howler monkey (D:9)
  2 centaur zombies
  A bullfrog zombie (D:5)
  5 hounds
  8 orc priests
  2 centaur skeletons (D:7)
  7 orc wizards
  6 iguanas
  A hound skeleton (D:4)
  A hound zombie (D:5)
  5 gnolls
  5 adders
  A shadow imp (D:7)
  A white imp (D:5)
  An ufetubus (D:7)
  2 worms
  A dart slug (D:5)
  29 orcs
  4 endoplasms
  4 giant cockroaches
  3 goblins
  4 hobgoblins
  7 jackals
  6 kobolds
  4 quokkas
  12 ball pythons
  2 bats
  2 frilled lizards (D:3)
  2 rats
  A spectral orc (D:8)
188 creatures vanquished.

Vanquished Creatures (collateral kills)
  2 foxfires (D:3)
2 creatures vanquished.

Vanquished Creatures (others)
  843 foxfires
843 creatures vanquished.

Grand Total: 1033 creatures vanquished

Notes
Turn   | Place    | Note
-------+----------+-------------------------------------------
     0 | D:1      | rogsnak the Demonspawn Fire Elementalist began the quest
                  | for the Orb.
     0 | D:1      | Reached XP level 1. HP: 13/13 MP: 3/3
   303 | D:1      | Gained mutation: You are partially covered in razor-sharp
                  | scales. (AC +1, Slay +1) [demonic ancestry]
   303 | D:1      | Reached XP level 2. HP: 19/19 MP: 3/5
  1541 | D:2      | Gained mutation: You have a pair of small antennae on your
                  | head. [demonic ancestry]
  1541 | D:2      | Reached XP level 3. HP: 17/24 MP: 3/6
  2255 | D:3      | Reached skill level 2 in Conjurations
  2392 | D:3      | Gained mutation: You have a pair of antennae on your head.
                  | [demonic ancestry]
  2392 | D:3      | Reached XP level 4. HP: 27/30 MP: 0/7
  2580 | D:3      | Found an ancient bone altar of Kikubaaqudgha.
  3111 | D:4      | Learned a level 4 spell: Sticky Flame
  3190 | D:4      | Gained mutation: You regenerate a little health from kills.
                  | [demonic ancestry]
  3190 | D:4      | Reached XP level 5. HP: 35/35 MP: 2/9
  3300 | D:4      | Reached skill level 3 in Conjurations
  4283 | D:4      | Gained mutation: You regenerate health from kills. [demonic
                  | ancestry]
  4283 | D:4      | Reached XP level 6. HP: 42/42 MP: 6/10
  4623 | D:4      | Reached skill level 4 in Conjurations
  5189 | D:4      | Learned a level 5 spell: Fireball
  5228 | D:5      | Entered Level 5 of the Dungeon
  5467 | D:5      | Noticed a water moccasin
  5478 | D:5      | Killed a water moccasin
  5479 | D:5      | Reached skill level 5 in Conjurations
  5479 | D:5      | Reached XP level 7. HP: 39/47 MP: 2/12
  5923 | D:5      | Found a staircase to the Ecumenical Temple.
  5933 | Temple   | Entered the Ecumenical Temple
  5952 | Temple   | Became a worshipper of Vehumet
  6122 | D:5      | Reached skill level 1 in Fighting
  6126 | D:5      | Reached skill level 6 in Conjurations
  6184 | D:5      | Reached skill level 5 in Spellcasting
  6184 | D:5      | Reached XP level 8. HP: 54/54 MP: 9/15
  6186 | D:5      | Reached skill level 5 in Fire Magic
  6601 | D:5      | Got Sif Muna's Introduction to Hermeneutics
  7093 | D:6      | Learned a level 5 spell: Lee's Rapid Deconstruction
  7098 | D:6      | Noticed Grinder
  7106 | D:6      | Killed Grinder
  7106 | D:6      | Reached * piety under Vehumet
  7106 | D:6      | Offered knowledge of Magic Dart by Vehumet.
  7107 | D:6      | Reached skill level 7 in Conjurations
  7242 | D:6      | Reached skill level 1 in Earth Magic
  7248 | D:6      | Found Kanon's Armour Emporium.
  7358 | D:6      | Noticed Duvessa
  7360 | D:6      | Noticed Dowan
  7367 | D:6      | Killed Duvessa
  7370 | D:6      | Killed Dowan
  7371 | D:6      | Reached XP level 9. HP: 53/59 MP: 4/18
  7722 | D:6      | Found a shimmering blue altar of Sif Muna.
  7946 | D:6      | Bought a +1 cloak of willpower for 198 gold pieces
  8260 | D:7      | Reached skill level 8 in Conjurations
  8562 | D:7      | Found a bloodstained altar of Trog.
  9144 | D:7      | Found the +11 plutonium sword {Contam Stlth-}
  9196 | D:7      | Found an opulent altar of Gozag.
  9535 | D:8      | Reached ** piety under Vehumet
  9539 | D:8      | Offered knowledge of Freeze by Vehumet.
  9689 | D:8      | Noticed Pikel
  9690 | D:8      | Noticed Harold
  9696 | D:8      | Reached skill level 1 in Shields
  9837 | D:8      | Killed Pikel
  9838 | D:8      | Reached skill level 9 in Conjurations
  9838 | D:8      | Reached XP level 10. HP: 67/67 MP: 15/20
  9898 | D:8      | Noticed a tengu warrior
  9918 | D:7      | Killed a tengu warrior
 10212 | D:8      | Found a stormy altar of Qazlal.
 10221 | D:8      | Noticed Psyche
 10224 | D:8      | Killed Psyche
 10691 | D:8      | Found a hazy altar of Hepliaklqana.
 11114 | D:9      | Noticed a deep elf pyromancer
 11127 | D:9      | Killed a deep elf pyromancer
 11128 | D:9      | Reached skill level 10 in Conjurations
 11320 | D:9      | Learned a level 3 spell: Swiftness
 11395 | D:9      | Noticed a two-headed ogre
 11399 | D:9      | Offered knowledge of Dazzling Flash by Vehumet.
 11403 | D:9      | Killed a two-headed ogre
 11440 | D:9      | Noticed a centaur warrior
 11453 | D:9      | Shot with an arrow by a centaur warrior

Illustrated notes

Levels and vault maps discovered:
D:1:      amcnicky_arrival_feature_with_door, layout_basic, serial_aquarium,
          aquarium_bridge_straight [aquarium_subvault_bridge,
          aquarium_subvault_window, aquarium_subvault_bridge,
          aquarium_subvault_wall], aquarium_bridge_island_large
          [aquarium_subvault_large_water, aquarium_subvault_bridge,
          aquarium_subvault_bridge, aquarium_subvault_bridge,
          aquarium_subvault_wall], aquarium_window_corridor_1,
          aquarium_window_fake, aquarium_window_fake, aquarium_window_2,
          aquarium_view_2e, aquarium_view_2b, minmay_tree_intersection
D:2:      minmay_wonky_spiral, layout_loops_corners
D:3:      layout_basic, kiku_gazebo_garden_becter
D:4:      layout_cave_pods, serial_co_window_serial, co_window_paths_b,
          co_window_corner_a, co_window_corner_a, co_window_paths_a,
          co_window_paths_a, co_window_of_opportunity_a, co_window_corner_a,
          co_window_corner_cb, co_window_2corner, co_window_broadway_c,
          co_window_paths_d, co_window_paths_e, glass_columns_a,
          glass_columns_c, glass_columns_b, glass_columns_a, glass_columns_c,
          kennysheep_orc_chapel
D:5:      minmay_chambers_of_threes, layout_basic, minmay_temple_entry_wispy
D:6:      layout_gridville, nicolae_overflow_crystal_walls, serial_shops,
          nicolae_diamond_shop, uniq_grinder, uniq_duvessa
D:7:      layout_gridville, mainiacjoe_overflow_surrounded_room,
          nicolae_gozag_seed_capital
D:8:      layout_loops_ring, nicolae_qazlal_eye_of_the_storm,
          nicolae_hepliaklqana_monster_ancestors, uniq_harold, uniq_psyche,
          uniq_pikel
D:9:      layout_rooms
Temple:   nicolae_temple_no_exploring_needed

Skill      XL: |  1  2  3  4  5  6  7  8  9 10 |
---------------+-------------------------------+-----
Fire Magic     | 3 4 5 6 |  6.8
Stealth        | 2 |  2.0
Dodging        | 2 3 |  3.3
Conjurations   | 2 3 5 6 7 9 10 | 10.4
Spellcasting   | 3 5 6 7 8 |  8.1
Fighting       | 1 2 |  2.3
Earth Magic    | 1 3 4 |  4.9
Shields        | 1 |  1.4

Action                   |  1- 3 |  4- 6 |  7- 9 | 10-12 || total
-------------------------+-------+-------+-------+-------++-------
Melee: Dagger            |     3 |    24 |    24 |       ||    51
       Long sword        |    31 |     1 |       |       ||    32
       Short sword       |       |       |    38 |    13 ||    51
 Cast: Foxfire           |    72 |   120 |   232 |    95 ||   519
       Sticky Flame      |       |       |    12 |    15 ||    27
       Fireball          |       |       |     2 |     6 ||     8
 Stab: Sleeping          |     3 |       |     2 |       ||     5
Armor: Robe              |    10 |     4 |    14 |    10 ||    38
Dodge: Dodged            |    44 |    17 |    57 |    23 ||   141
Block: Other             |       |       |    18 |     9 ||    27
       Reflection        |       |       |     1 |     2 ||     3
       Rpst.: Long sword |    13 |       |       |       ||    13
